 Dungeon Crawl Stone Soup version 0.18-a0-977-ge0e037f (webtiles) character file.

79 Oddball22 the Skirmisher (level 4, -4/37 HPs)
             Began as a Demonspawn Chaos Knight on Jan 4, 2016.
             Slain by a gnoll
             ... wielding a +0 halberd
              (7 damage)
             ... on level 2 of the Dungeon.
             The game lasted 00:02:52 (1483 turns).

Oddball22 the Skirmisher (Demonspawn Chaos Knight)  Turns: 1483, Time: 00:02:52

Health: -4/37      AC: 10    Str: 13    XL:     4   Next: 16%
Magic:  4/4        EV: 11    Int: 13    God:    Xom [..*...]
Gold:   83         SH:  0    Dex: 13    Spells: 0 memorised, 3 levels left

rFire  + . .     SeeInvis .     a - +0 falchion (chaos)
rCold  + + .     Gourm    .     d - +0 leather armour (curse)
rNeg   + + +     Faith    .     (no shield)
rPois  ∞         Spirit   .     h - +1 hat
rElec  .         Dismiss  .     (no cloak)
rCorr  .         Reflect  .     (no gloves)
SustAt .         Harm     .     (no boots)
MR     +....                    o - amulet of rage
Stlth  +.........               (no ring)
                                i - ring of protection from fire

@: lich-form (expiring), somewhat resistant to hostile enchantments, very
unstealthy
A: claws 2, cold resistance 1
a: Renounce Religion


You were on level 2 of the Dungeon.
You worshipped Xom.
You were a toy of Xom.
You were not hungry.
You were a lich.
You visited 1 branch of the dungeon, and saw 2 of its levels.

You collected 83 gold pieces.

Inventory:

Hand Weapons
 a - a +0 falchion of chaos (weapon)
 s - a +0 club
Armour
 d - a cursed +0 leather armour (worn)
 h - a +1 hat (worn)
Jewellery
 i - a ring of protection from fire (left claw)
 o - an amulet of rage (around neck)
Scrolls
 f - 2 scrolls of amnesia {unknown}
 g - 2 scrolls of remove curse {unknown}
 k - a scroll of random uselessness {unknown}
 l - a scroll of noise {unknown}
 p - 2 scrolls of identify {unknown}
 r - 2 scrolls of immolation {unknown}
 t - 2 scrolls of enchant weapon {unknown}
Potions
 e - a potion of invisibility {unknown}
 j - 4 potions of curing {unknown}
 m - 3 potions of heal wounds {unknown}
 n - a potion of degeneration {unknown}
Comestibles
 b - a slice of pizza
 c - 2 bread rations
 q - 4 chunks of flesh


   Skills:
 + Level 3.8 Fighting
 * Level 3.8 Long Blades
 - Level 1.7 Armour
 + Level 1.4 Dodging


You had 3 spell levels left.
You didn't know any spells.

Dungeon Overview and Level Annotations

Branches:
Dungeon (2/15)

Altars:
Elyvilon


Innate Abilities, Weirdness & Mutations

You have very sharp fingernails.
Your flesh is cold resistant.


Message History

Found a spear.
You slash the gnoll!
The gnoll seems to speed up.
The gnoll is severely wounded.
The gnoll hits you with a flail. The gnoll closely misses you.
You slash the gnoll!
You kill the gnoll!
Xom smirks.
You feel aware of your surroundings. The gnoll hits you with a halberd.
* * * LOW HITPOINT WARNING * * *
The gnoll hits you from afar with a spear.
* * * LOW HITPOINT WARNING * * *
Things that are here:
a flail; a throwing net You are too injured to fight recklessly!
You hit the gnoll. You freeze the gnoll.
The gnoll is severely wounded.
Your transformation is almost over.
The gnoll hits you with a halberd!
You die...

*,,####>.##.##....#..
* , .....##..........
**,###.#.............
*,#..............###
# #.#.#.#######.## #
#.,,#...........# #
#)#####.#######.# #
#gg.#...# #.# #
**#L#.#.# #.#
#...#.#* ****,****
##.##..,,,,,,,,,,
#.##.##*** ,,,
#.#..#** ** *#
#.#...,* ****#.#,.#
,,,... ,*,* *
#.#,,*,* * *** *


You could see 2 gnolls.

Vanquished Creatures
  3 adders (D:2)
  A gnoll (D:2)
  A worm (D:2)
  6 bats
  2 goblins
  6 hobgoblins
  5 jackals (D:1)
  2 ball pythons (D:1)
  A giant newt (D:1)
  6 kobolds
  6 rats
39 creatures vanquished.

Notes
Turn   | Place    | Note
--------------------------------------------------------------
     0 | D:1      | Oddball22 the Demonspawn Chaos Knight began the quest for the Orb.
     0 | D:1      | Reached XP level 1. HP: 18/18 MP: 1/1
   102 | D:1      | Reached skill level 1 in Dodging
   321 | D:1      | Gained mutation: You have sharp fingernails. [demonic ancestry]
   321 | D:1      | Reached XP level 2. HP: 20/24 MP: 2/2
   531 | D:1      | XOM: potion effect (haste)
   810 | D:2      | Gained mutation: Your flesh is cold resistant. [demonic ancestry]
   810 | D:2      | Reached XP level 3. HP: 29/29 MP: 3/3
   821 | D:2      | Found a white marble altar of Elyvilon.
  1412 | D:2      | Gained mutation: You have very sharp fingernails. [demonic ancestry]
  1412 | D:2      | Reached XP level 4. HP: 22/37 MP: 4/4
  1446 | D:2      | XOM: cast spell 'Necromutation'
  1481 | D:2      | XOM: divination: magic mapping
  1483 | D:2      | Slain by a gnoll

Vault maps used:
D:1:      dpeg_arrival_simpleton_c, hex_large
D:2:      kennysheep_six_static_rooms, old_standard_altar,
          minmay_misc_feat_columns, uniq_crazy_yiuf_cottage

Action                   |  1- 3 |  4- 6 || total
-------------------------+-------+-------++-------
Melee: Falchion          |   122 |     5 ||   127
 Stab: Paralysed         |     2 |       ||     2
       Petrified         |     2 |       ||     2
       Petrifying        |     1 |       ||     1
       Sleeping          |     1 |       ||     1
  Eat: Chunk             |     2 |       ||     2
